NCAA
NEBRASKA CORNHUSKERS @ NORTH CAROLINA STATE WOLFPACK
04/25/2025
 
TOP OF THE 1ST
Nebraska Cornhuskers batting - Pitching for North Carolina State Wolfpack : LHP Mark Brown
Pitching: LHP Mark Brown
Batting: LHB David Adams 0-0: Called Strike
0-1: Ball
1-1: Ball
2-1: Foul Ball, location: 2F
2-2: SOLO HOME RUN (Flyball, 7LD), Distance : 337 ft
Batting: RHB Tony Long 0-0: Ball
1-0: Ball
2-0: Swinging Strike
2-1: Called Strike
2-2: Ball
3-2: Foul Ball, location: 2F
3-2: Base on Balls
Batting: LHB Gilberto Ramírez 0-0: Ball
1-0: Grounds into double play, 4-6-3 (Groundball, 4)
Batting: RHB Ron Garrett 0-0: Called Strike
0-1: Swinging Strike
0-2: Ball
1-2: Foul Ball, location: 2F
1-2: Ball
2-2: Foul Ball, location: 2F
2-2: SINGLE (Groundball, 56D)
Batting: LHB Orlando Ojeda 0-0: Ball
1-0: Fly out, F4 (Popup, 3DF)
Top of the 1st over - 1 run(s), 2 hit(s), 0 error(s), 1 left on base; Nebraska 1 - North Carolina State 0
BOTTOM OF THE 1ST
North Carolina State Wolfpack batting - Pitching for Nebraska Cornhuskers : RHP Elvis McDonald
Pitching: RHP Elvis McDonald
Batting: RHB Henry Dawson 0-0: Foul Ball, location: 2F
0-1: Ball
1-1: Ground out 1-3 (Groundball, 25)
Batting: RHB Dennis Mays 0-0: Ball
1-0: Called Strike
1-1: Called Strike
1-2: Ball
2-2: Strikes out swinging
Batting: RHB Rafael Rosário 0-0: Called Strike
0-1: Ball
1-1: Ball
2-1: Ball
3-1: Foul Ball, location: 2F
3-2: Foul Ball, location: 2F
3-2: Base on Balls
Batting: RHB Richard Heath 0-0: Ball
1-0: Ball
Rafael Rosário is caught stealing 2nd base
Bottom of the 1st over - 0 run(s), 0 hit(s), 0 error(s), 0 left on base; Nebraska 1 - North Carolina State 0
TOP OF THE 2ND
Nebraska Cornhuskers batting - Pitching for North Carolina State Wolfpack : LHP Mark Brown
Batting: RHB Tony Barton 0-0: Foul Ball, location: 2F
0-1: Fly out, F7 (Line Drive, 78M)
Batting: RHB Jim Heath 0-0: Ground out 6-3 (Groundball, 6M)
Batting: LHB Dusty Wilson 0-0: Ball
1-0: Ground out 4-3 (Groundball, 4M)
Top of the 2nd over - 0 run(s), 0 hit(s), 0 error(s), 0 left on base; Nebraska 1 - North Carolina State 0
BOTTOM OF THE 2ND
North Carolina State Wolfpack batting - Pitching for Nebraska Cornhuskers : RHP Elvis McDonald
Batting: RHB Richard Heath 0-0: Called Strike
0-1: Swinging Strike
0-2: Ball
1-2: Foul Ball, location: 2F
1-2: Ball
2-2: Foul Ball, location: 2F
2-2: Foul Ball, location: 2F
2-2: Strikes out swinging
Batting: SHB Dawson Fowler 0-0: Called Strike
0-1: Fly out, F8 (Flyball, 8RM)
Batting: LHB Corey MacGregor 0-0: Ball
1-0: Called Strike
1-1: SINGLE (Groundball, 56D)
Batting: LHB Ignacio Rabelo 0-0: Called Strike
0-1: Ball
1-1: Ball
Corey MacGregor is caught stealing 2nd base
Bottom of the 2nd over - 0 run(s), 1 hit(s), 0 error(s), 0 left on base; Nebraska 1 - North Carolina State 0
TOP OF THE 3RD
Nebraska Cornhuskers batting - Pitching for North Carolina State Wolfpack : LHP Mark Brown
Batting: RHB Jesús Muńíz 0-0: Called Strike
0-1: Foul Ball, location: 2F
0-2: Ball
1-2: Foul Ball, location: 2F
1-2: SOLO HOME RUN (Line Drive, 7D), Distance : 357 ft
Batting: LHB David Adams 0-0: Ball
1-0: Foul Ball, location: 2F
1-1: Ball
2-1: Called Strike
2-2: Strikes out swinging
Batting: RHB Tony Long 0-0: SOLO HOME RUN (Flyball, 9D), Distance : 354 ft
Batting: LHB Gilberto Ramírez 0-0: Swinging Strike
0-1: DOUBLE (Flyball, 78XD)
Batting: RHB Ron Garrett 0-0: Swinging Strike
0-1: Ball
1-1: Ball
2-1: Called Strike
2-2: Ball
3-2: Foul Ball, location: 2F
3-2: Foul Ball, location: 2F
3-2: Base on Balls
Batting: LHB Orlando Ojeda 0-0: Ball
1-0: Ball
2-0: Ball
3-0: Base on Balls
Gilberto Ramírez to third
Ron Garrett to second
Batting: RHB Tony Barton 0-0: Ball
1-0: Foul Ball, location: 2F
1-1: Ball
2-1: Grounds into double play, U4-3 (Groundball, 4)
Top of the 3rd over - 2 run(s), 3 hit(s), 0 error(s), 2 left on base; Nebraska 3 - North Carolina State 0
BOTTOM OF THE 3RD
North Carolina State Wolfpack batting - Pitching for Nebraska Cornhuskers : RHP Elvis McDonald
Batting: LHB Ignacio Rabelo 0-0: Called Strike
0-1: Foul Ball, location: 2F
0-2: SINGLE (Line Drive, 8LS)
Batting: RHB Kent Edwards 0-0: Called Strike
0-1: Swinging Strike
0-2: Strikes out swinging
Batting: RHB Kyle Watkins 0-0: Ball
1-0: Ball
2-0: Fly out, F8 (Flyball, 8RD)
Batting: RHB Henry Dawson 0-0: Foul Ball, location: 2F
0-1: Ball
1-1: Swinging Strike
1-2: Strikes out swinging
Bottom of the 3rd over - 0 run(s), 1 hit(s), 0 error(s), 1 left on base; Nebraska 3 - North Carolina State 0
TOP OF THE 4TH
Nebraska Cornhuskers batting - Pitching for North Carolina State Wolfpack : LHP Mark Brown
Batting: RHB Jim Heath 0-0: Foul Ball, location: 2F
0-1: SINGLE (Line Drive, 6MD)
Batting: LHB Dusty Wilson 0-0: Ball
1-0: Foul Ball, location: 2F
1-1: Called Strike
1-2: Ground out U3 (Groundball, 3S)
Jim Heath to second
Batting: RHB Jesús Muńíz 0-0: Swinging Strike
0-1: Ground out 4-3 (Groundball, 4)
Jim Heath to third
Batting: LHB David Adams 0-0: Foul Ball, location: 2F
0-1: Swinging Strike
0-2: Ball
1-2: Fly out, F8 (Flyball, 8LS)
Top of the 4th over - 0 run(s), 1 hit(s), 0 error(s), 1 left on base; Nebraska 3 - North Carolina State 0
BOTTOM OF THE 4TH
North Carolina State Wolfpack batting - Pitching for Nebraska Cornhuskers : RHP Elvis McDonald
Batting: RHB Dennis Mays 0-0: Called Strike
0-1: SINGLE (Flyball, 78S)
Batting: RHB Rafael Rosário 0-0: Ball
1-0: Called Strike
1-1: Called Strike
1-2: Ball
2-2: Ball
3-2: DOUBLE (Line Drive, 7LS)
Dennis Mays to third
Runner from 3rd tries for Home, SAFE, no throw or cutoff
Batting: RHB Richard Heath 0-0: Ground out 6-3 (Groundball, 6)
Rafael Rosário to third
Batting: SHB Dawson Fowler 0-0: Ball
1-0: Called Strike
Reached via error on a dropped throw, E3
Rafael Rosário scores
Batting: LHB Corey MacGregor 0-0: Ball
1-0: SINGLE (Line Drive, 6D)
Dawson Fowler to second
Batting: LHB Ignacio Rabelo 0-0: Fly out, F4 (Popup, 4MS)
Batting: RHB Kent Edwards 0-0: Ground out 5-3 (Groundball, 5S)
Bottom of the 4th over - 2 run(s), 3 hit(s), 1 error(s), 2 left on base; Nebraska 3 - North Carolina State 2
TOP OF THE 5TH
Nebraska Cornhuskers batting - Pitching for North Carolina State Wolfpack : LHP Mark Brown
Batting: RHB Tony Long 0-0: Ball
1-0: Ball
2-0: Ball
3-0: Called Strike
3-1: Foul Ball, location: 2F
3-2: Foul Ball, location: 2F
3-2: Strikes out looking
Batting: LHB Gilberto Ramírez 0-0: Ball
1-0: Ball
2-0: Ball
3-0: Called Strike
3-1: Foul Ball, location: 2F
3-2: Foul Ball, location: 2F
3-2: SINGLE (Flyball, 7S)
Pitching: LHP Jeremiah Mason
Batting: RHB Ron Garrett 0-0: Called Strike
0-1: Swinging Strike
0-2: Strikes out looking
Batting: LHB Orlando Ojeda 0-0: Foul Ball, location: 2F
0-1: Ball
1-1: Ball
2-1: Called Strike
2-2: Ball
3-2: Fly out, F8 (Flyball, 8LM)
Top of the 5th over - 0 run(s), 1 hit(s), 0 error(s), 1 left on base; Nebraska 3 - North Carolina State 2
BOTTOM OF THE 5TH
North Carolina State Wolfpack batting - Pitching for Nebraska Cornhuskers : RHP Elvis McDonald
Batting: RHB Kyle Watkins 0-0: Ball
1-0: Ball
2-0: Fly out, F6 (Popup, 6)
Batting: RHB Henry Dawson 0-0: Fly out, F6 (Line Drive, 6)
Batting: RHB Dennis Mays 0-0: Ball
1-0: Swinging Strike
1-1: Called Strike
1-2: Strikes out looking
Bottom of the 5th over - 0 run(s), 0 hit(s), 0 error(s), 0 left on base; Nebraska 3 - North Carolina State 2
TOP OF THE 6TH
Nebraska Cornhuskers batting - Pitching for North Carolina State Wolfpack : LHP Jeremiah Mason
Batting: RHB Tony Barton 0-0: Ball
1-0: Ball
2-0: Fly out, F8 (Flyball, 8LM)
Batting: RHB Jim Heath 0-0: Called Strike
0-1: Fly out, F8 (Flyball, 8LM)
Batting: LHB Dusty Wilson 0-0: Ball
1-0: Called Strike
1-1: Ground out 1-3 (Groundball, 15S)
Top of the 6th over - 0 run(s), 0 hit(s), 0 error(s), 0 left on base; Nebraska 3 - North Carolina State 2
BOTTOM OF THE 6TH
North Carolina State Wolfpack batting - Pitching for Nebraska Cornhuskers : RHP Elvis McDonald
Batting: RHB Rafael Rosário 0-0: Called Strike
0-1: Ball
1-1: Ball
2-1: Foul Ball, location: 2F
2-2: Foul Ball, location: 2F
2-2: Ground out 5-3 (Groundball, 56)
Batting: RHB Richard Heath 0-0: Ball
1-0: Ball
2-0: Ball
3-0: Base on Balls
Pitching: RHP Roy Román
Batting: SHB Dawson Fowler 0-0: Reached on error, E5 (Groundball, 5L)
Richard Heath to second
Pinch Runner at 2nd Chester Page:
Batting: LHB Corey MacGregor 0-0: Called Strike
0-1: Ball
1-1: Called Strike
1-2: Fielders Choice at 2nd, 4-6 (Groundball, 4)
Chester Page to third
Batting: LHB Ignacio Rabelo 0-0: SINGLE (Popup, 23)
Chester Page scores
Corey MacGregor to second
Runner from 2nd tries for 3rd, SAFE, no throw or cutoff
Batting: RHB Kent Edwards 0-0: Ball
1-0: Ball
2-0: Ball
3-0: Called Strike
3-1: Called Strike
3-2: Base on Balls
Ignacio Rabelo to second
Batting: RHB Kyle Watkins 0-0: Ball
1-0: SINGLE (Line Drive, 9LS)
Corey MacGregor scores
Ignacio Rabelo to third
Kent Edwards to second
Batting: RHB Henry Dawson 0-0: Ball
1-0: Ball
2-0: Ground out 4-3 (Groundball, 34)
Bottom of the 6th over - 2 run(s), 2 hit(s), 1 error(s), 3 left on base; Nebraska 3 - North Carolina State 4
TOP OF THE 7TH
Nebraska Cornhuskers batting - Pitching for North Carolina State Wolfpack : LHP Jeremiah Mason
Now at 1B: Chester Page
Batting: RHB Jesús Muńíz 0-0: Ball
1-0: SINGLE (Line Drive, 4D)
Batting: LHB David Adams 0-0: Ball
1-0: Bunted foul
1-1: Bunt missed!
1-2: Grounds into double play, 6-4-3 (Groundball, 6)
Batting: RHB Tony Long 0-0: Ball
1-0: Ball
2-0: Foul Ball, location: 2F
2-1: Foul Ball, location: 2F
2-2: SINGLE (Groundball, 4MS)
Pitching: RHP Brit Torres
Batting: LHB Gilberto Ramírez 0-0: Foul Ball, location: 2F
0-1: Fly out, F9 (Line Drive, 9M)
Top of the 7th over - 0 run(s), 2 hit(s), 0 error(s), 1 left on base; Nebraska 3 - North Carolina State 4
BOTTOM OF THE 7TH
North Carolina State Wolfpack batting - Pitching for Nebraska Cornhuskers : RHP Roy Román
Batting: RHB Dennis Mays 0-0: Called Strike
0-1: SINGLE (Groundball, 34D)
Batting: RHB Rafael Rosário 0-0: Ball
1-0: Ball
2-0: Ball
3-0: Base on Balls
Dennis Mays to second
Batting: RHB Chester Page 0-0: Ball
1-0: Called Strike
1-1: SINGLE (Groundball, 56D)
Dennis Mays to third
Rafael Rosário to second
Runner from 3rd tries for Home, SAFE, no throw or cutoff
Batting: SHB Dawson Fowler 0-0: Ball
1-0: Foul Ball, location: 2F
1-1: Swinging Strike
1-2: Foul Ball, location: 2F
1-2: Ball
2-2: Foul Ball, location: 2F
2-2: Ball
3-2: Strikes out swinging
Pitching: LHP Tim Kennedy
Batting: LHB Corey MacGregor 0-0: SINGLE (Groundball, 13) (infield hit)
Rafael Rosário to third
Chester Page to second
Batting: LHB Ignacio Rabelo 0-0: Ball
1-0: Reached on error, E5 (Groundball, 56)
Rafael Rosário scores
Chester Page to third
Corey MacGregor to second
Batting: RHB Kent Edwards 0-0: Called Strike
0-1: SINGLE (Line Drive, 9LS)
Chester Page scores
Corey MacGregor to third
Ignacio Rabelo to second
Batting: RHB Kyle Watkins 0-0: Ball
1-0: Ball
2-0: Called Strike
2-1: Called Strike
2-2: Ball
3-2: Fly out, F1 (Line Drive, 15)
3-2: Lined into DP, 1-3 (Line Drive, 15)
Bottom of the 7th over - 3 run(s), 4 hit(s), 1 error(s), 2 left on base; Nebraska 3 - North Carolina State 7
TOP OF THE 8TH
Nebraska Cornhuskers batting - Pitching for North Carolina State Wolfpack : RHP Brit Torres
Batting: RHB Ron Garrett 0-0: Called Strike
0-1: Fly out, F1 (Popup, 13)
Batting: LHB Orlando Ojeda 0-0: Ball
1-0: Called Strike
1-1: Ground out 6-3 (Groundball, 6)
Batting: RHB Tony Barton 0-0: Called Strike
0-1: Fly out, F2 (Popup, 2LF)
Top of the 8th over - 0 run(s), 0 hit(s), 0 error(s), 0 left on base; Nebraska 3 - North Carolina State 7
BOTTOM OF THE 8TH
North Carolina State Wolfpack batting - Pitching for Nebraska Cornhuskers : LHP Tim Kennedy
Batting: RHB Henry Dawson 0-0: Ball
1-0: Ball
2-0: Ball
3-0: Base on Balls
Batting: RHB Dennis Mays 0-0: Ball
1-0: Bunted foul
1-1: Sac Bunt - play at first, batter OUT! 5-4
Henry Dawson to second
Batting: RHB Rafael Rosário 0-0: Intentional Walk
Batting: RHB Chester Page 0-0: Ball
1-0: Foul Ball, location: 2F
1-1: Called Strike
1-2: Strikes out swinging
Batting: SHB Dawson Fowler 0-0: Ball
1-0: Fly out, F7 (Line Drive, 7M)
Bottom of the 8th over - 0 run(s), 0 hit(s), 0 error(s), 2 left on base; Nebraska 3 - North Carolina State 7
TOP OF THE 9TH
Nebraska Cornhuskers batting - Pitching for North Carolina State Wolfpack : RHP Brit Torres
Batting: RHB Jim Heath 0-0: Called Strike
0-1: SINGLE (Line Drive, 56)
Batting: LHB Dusty Wilson 0-0: Ball
1-0: Fielders Choice at 2nd, 4-6 (Groundball, 34)
Batting: RHB Jesús Muńíz 0-0: Foul Ball, location: 2F
0-1: Ball
1-1: Foul Ball, location: 2F
1-2: Ball
2-2: Fly out, F2 (Popup, 2R)
Batting: LHB David Adams 0-0: Foul Ball, location: 2F
0-1: Ball
1-1: SINGLE (Line Drive, 8LS)
Dusty Wilson to second
Pitching: RHP Les Madrid
Batting: RHB Tony Long 0-0: Ball
1-0: Swinging Strike
1-1: Fly out, F8 (Flyball, 8LM)
Top of the 9th over - 0 run(s), 2 hit(s), 0 error(s), 2 left on base; Nebraska 3 - North Carolina State 7
This league is powered by Out of the Park Baseball, the baseball management simulation game for PC, Mac and Linux
Tuesday, August 2nd, 2016 - OOTP Baseball 16.8 Build 38